 Dungeon Crawl Stone Soup version 0.29-a0-43-g62a80824bf (webtiles) character file.

Game seed: 11901702723292196194

51 blackman the Sneak (level 4, 0/35 HPs)
             Began as a Human Delver on Feb 2, 2022.
             Succumbed to an adder's poison
             ... on level 2 of the Dungeon.
             The game lasted 00:08:47 (1987 turns).

blackman the Sneak (Human Delver)                   Turns: 1987, Time: 00:08:47

Health: 0/35       AC:  6    Str: 15    XL:     4   Next: 5%
Magic:  4/4        EV: 10    Int: 10    God:
Gold:   39         SH:  5    Dex: 14    Spells: 3/3 levels left

rFire   . . .      SeeInvis .   a - +0 hand axe
rCold   . . .      Faith    .   (no shield)
rNeg    . . .      Spirit   .   l - +0 scale mail
rPois   .          Reflect  +   (no helmet)
rElec   .          Harm     .   (no cloak)
rCorr   .          Rampage  .   (no gloves)
Will    .....                   (no boots)
Stlth   ++........              i - amulet of reflection
HPRegen 0.11/turn               (no ring)
MPRegen 0.09/turn               (no ring)

@: lethally poisoned (0 -> -2), hasted, invisible, very quick
A: no striking features
a: no special abilities


You were on level 2 of the Dungeon.
You visited 1 branch of the dungeon, and saw 5 of its levels.

You collected 39 gold pieces.

Inventory:

Hand Weapons
 a - a +0 hand axe (weapon)
Armour
 b - a +0 leather armour
 l - a +0 scale mail (worn)
 o - a +0 barding
Jewellery
 i - an amulet of reflection (around neck)
 p - a ring of magical power
Wands
 g - a wand of digging (1)
Scrolls
 c - a scroll of fog
 d - a scroll of brand weapon {unknown}
 e - 2 scrolls of fear
 h - a scroll of teleportation {unknown}
 k - a scroll of identify {unknown}
 n - a scroll of noise {unknown}


   Skills:
 - Level 3.1 Fighting
 + Level 3.6 Axes
 - Level 2.2 Dodging
 - Level 5.1 Stealth


You had 3 spell levels left.
You didn't know any spells.
Your spell library contained the following spells:

 Spells                   Type           Power      Damage    Failure   Level
 Sandblast                Erth           0%         2d4       85%         1
 Tukima's Dance           Hex            0%         N/A       99%         3
 Anguish                  Hex/Necr       0%         N/A       100%        4
 Enfeeble                 Hex            0%         N/A       100%        7


Dungeon Overview and Level Annotations

Branches:
Dungeon (5/15)
 Temple: D:4-7

Altars:
Trog
Yredelemnul


Message History

The adder is almost dead.
You hit the kobold.
You feel sick. The adder closely misses you. You block the kobold's attack.
You barely miss the adder.
The adder is almost dead.
You hit the kobold but do no damage.
You feel sick. You block the adder's attack. The kobold misses you.
The adder misses you.
You feel yourself speed up.
You feel sick.
The kobold hits you with a +0 short sword.
* * * LOW HITPOINT WARNING * * *
The adder bites you but does no damage.
* * * LOW HITPOINT WARNING * * *
You feel sick.
The kobold throws a stone.
The stone barely misses you.
It was a potion of curing.
You feel better. The adder bites you.
* * * LOW HITPOINT WARNING * * *
The kobold throws a stone.
The stone hits you.
* * * LOW HITPOINT WARNING * * *
The kobold throws a stone.
The stone hits you but does no damage.
Okay, then.
You miss the adder.
The adder is almost dead.
The adder bites you.
* * * LOW HITPOINT WARNING * * *
You are lethally poisoned!
The adder poisons you!
You miss the adder.
The adder is almost dead.
* * * LOW HITPOINT WARNING * * *
You feel sick. You block the adder's attack.
You hit the adder.
You kill the adder!
* * * LOW HITPOINT WARNING * * *
You feel sick.
You have reached level 4!
You feel stronger.
It was a potion of invisibility.
You fade into invisibility!
* * * LOW HITPOINT WARNING * * *
You feel sick.
You die...

####### ######.....# #.......#
#..........# #.......# .
#..........#######.......# .
#####................+.......# ..
....<....#......######.......# ..
.........##..................#...
.......###)..................#...
................@..†K............
##....................#..........
#...............#####...........
#...............# #....>......
.............##.. #...#.#.....
..... #.. .....#.#..... .... ...
....#......... ....
........#........# ....+.........


You could see a kobold.

Vanquished Creatures
  An adder (D:2)
  A worm (D:3)
  2 dart slugs (D:1)
  3 endoplasms
  2 giant cockroaches (D:1)
  3 goblins (D:1)
  3 hobgoblins (D:1)
  5 kobolds
  3 quokkas
  3 bats (D:1)
  4 frilled lizards
  3 rats
33 creatures vanquished.

Notes
Turn   | Place    | Note
-------+----------+-------------------------------------------
     0 | D:5      | blackman the Human Delver began the quest for the Orb.
     0 | D:5      | Reached XP level 1. HP: 18/18 MP: 1/1
     4 | D:5      | Noticed an orc wizard
    30 | D:5      | Found a basalt altar of Yredelemnul.
    30 | D:5      | Found a bloodstained altar of Trog.
    59 | D:3      | Noticed a kobold brigand
   155 | D:3      | Reached XP level 2. HP: 16/24 MP: 2/2
   740 | D:1      | Reached XP level 3. HP: 22/29 MP: 3/3
  1014 | D:1      | Found a faded altar of an unknown god.
  1020 | D:1      | Got Plato's Almanac of the Rocks
  1985 | D:2      | Reached XP level 4. HP: 2/35 MP: 4/4
  1985 | D:2      | HP: 1/35 [poisoned by an adder]
  1987 | D:2      | Succumbed to an adder's poison

Illustrated notes

Levels and vault maps discovered:
D:1:      ncdulo_lavacross, layout_basic, shapermc_ecumenical_altar_rom_forum,
          lemuel_flame_loot_1
D:2:      layout_basic
D:3:      layout_basic, mainiacjoe_overflow_boulevard
D:4:      layout_gridville, uniq_ijyb, uniq_grinder
D:5:      layout_rooms, chequers_temple_overflow_statue_of_worship,
          portal_sewer_entry_d, pf_guarded_unrand_delatra,
          uniq_crazy_yiuf_cottage

Skill      XL: |  1  2  3 |
---------------+----------+-----
Axes           | 3 |  3.6
Fighting       | |  3.1
Dodging        | |  2.2
Stealth        | |  5.1

Action                   |  1- 3 |  4- 6 || total
-------------------------+-------+-------++-------
Melee: Hand axe          |   117 |       ||   117
       Punch             |     1 |       ||     1
Evoke: Wand              |     2 |       ||     2
  Use: Scroll            |     1 |       ||     1
       Potion            |     2 |     1 ||     3
 Stab: Sleeping          |     5 |       ||     5
Armor: Leather armour    |     6 |       ||     6
       Scale mail        |    32 |       ||    32
Dodge: Dodged            |    66 |       ||    66
Block: Other             |    18 |       ||    18

Table legend: (Time is in decaauts)
 A = Elapsed time spent in this place.
 B = Non-inter-level travel time spent in this place.
 C = Inter-level travel time spent in this place.
 D = Time resting spent in this place.
 E = Time spent auto-exploring this place.
 F = Levels seen in this place.
 G = Mean time per level.
                   A        B        C        D        E       F      G
               +--------+--------+--------+--------+--------+-----+--------+
         Total |   1998 |   1937 |     61 |    293 |   1224 |   5 |  399.6 |
       Dungeon |   1998 |   1937 |     61 |    293 |   1224 |   5 |  399.6 |
               +--------+--------+--------+--------+--------+-----+--------+

Top non-repeatable levels by time:
     D:1: 1210 daAuts
     D:3: 485 daAuts
     D:2: 248 daAuts
     D:5: 50 daAuts
     D:4: 3 daAuts
